Maple Leafs vs Sabres

Created - 22 décembre 2020 at 11:10

Goals
1 2 3 T
Maple Leafs 1 0 0 1
Sabres 0 1 1 2
Shots
1 2 3 T
Maple Leafs 5 16 7 28
Sabres 4 20 10 34

1st period

1. Maple Leafs , Alex Iafallo 6 (Mike Hoffman 14, Travis Dermott 4) at 19:18

Penalties :
Andre Burakovsky (BUF) for Slashing (Minor) at 11:07

2nd period

2. Sabres , Ivan Provorov 1 (Andre Burakovsky 11, Anze Kopitar 11) at 12:20 (PP)

Penalties :
Andrei Svechnikov (TOR) for Hooking (Minor) at 12:17, Travis Dermott (TOR) for Close Hand On Puck (Minor) at 15:25

3rd period

3. Sabres , Joonas Donskoi 3 (Tyler Ennis 4) at 19:19

Penalties :
Dmitry Kulikov (TOR) for Tripping (Minor) at 5:03, Filip Hronek (BUF) for High sticking (Minor) at 8:39

Goalie Stats

Petr Mrazek (TOR), 32 saves from 34 shots - (0,941), L, 7-4-3, 59:39 minutes
James Reimer (BUF), 27 saves from 28 shots - (0,964), W, 2-2-0, 60:00 minutes

Players Stats for Maple Leafs

Player Name              G  A  P  +/- PIM S  H  SB GA TA FO     MP     PP MP  PK MP  
------------------------------------------------------------------------------------
Alex Iafallo             1  0  1   1  0   2  0  1  0  0  2/7    17:17   1:53   0:48 
Andrei Svechnikov        0  0  0  -1  2   2  4  3  2  0  1/2    20:29   2:00   1:02 
Ben Hutton               0  0  0   0  0   0  1  1  0  3  0/0    18:59   0:00   2:12 
Blake Comeau             0  0  0   0  0   0  1  1  0  0  0/1    11:27   0:05   2:11 
Brandon Tanev            0  0  0   0  0   1  0  1  0  0  0/0    14:53   1:25   0:48 
Derek Ryan               0  0  0   0  0   2  1  0  0  1  3/4     8:17   0:00   0:00 
Dmitry Kulikov           0  0  0   0  2   0  1  2  0  2  0/0    16:46   0:00   0:00 
Hampus Lindholm          0  0  0   0  0   3  4  2  1  0  0/0    26:27   1:25   1:49 
Ilya Kovalchuk           0  0  0   0  0   2  5  0  1  0  1/1    14:04   2:00   0:00 
Jake Debrusk             0  0  0   1  0   3  0  0  0  0  0/1    16:52   1:53   1:05 
Jesper Bratt             0  0  0   0  0   3  0  0  1  0  0/0     9:20   0:05   0:00 
Logan Couture            0  0  0  -1  0   0  2  0  0  1  9/25   18:05   1:53   0:00 
Mattias Janmark          0  0  0   0  0   4  0  1  0  0  9/12   13:22   0:05   0:34 
Mike Hoffman             0  1  1   1  0   2  2  1  1  0  0/3    18:08   2:00   1:34 
Mikhail Sergachev        0  0  0   0  0   1  1  3  0  0  0/0    26:33   2:33   2:12 
Nikolaj Ehlers           0  0  0  -1  0   2  1  0  0  0  0/0    18:45   2:33   0:00 
Travis Dermott           0  1  1   0  2   1  1  0  0  0  0/0    12:03   0:00   0:00 
Troy Stecher             0  0  0   0  0   0  0  2  0  1  0/0    14:09   0:00   1:49 

Players Stats for Sabres

Player Name              G  A  P  +/- PIM S  H  SB GA TA FO     MP     PP MP  PK MP  
------------------------------------------------------------------------------------
Andre Burakovsky         0  1  1   0  2   3  2  0  1  0  0/0    17:51   2:18   0:43 
Anze Kopitar             0  1  1   0  0   2  0  1  0  0  13/20  17:21   2:18   0:12 
Clayton Keller           0  0  0  -1  0   2  0  2  0  1  0/0    15:21   0:00   0:36 
Filip Hronek             0  0  0  -1  2   2  1  7  0  1  0/0    24:15   2:11   1:08 
Ivan Provorov            1  0  1   0  0   3  4  3  1  1  0/0    25:13   1:50   1:59 
Joonas Donskoi           1  0  1   1  0   3  0  0  1  0  0/0    10:18   0:00   0:00 
Kailer Yamamoto          0  0  0  -1  0   1  3  1  0  0  0/0    16:48   2:07   0:00 
Kevin Hayes              0  0  0   0  0   3  0  1  1  0  6/11   13:11   0:00   1:17 
Madison Bowey            0  0  0   1  0   0  3  0  0  0  0/0    16:30   1:50   0:16 
Marco Scandella          0  0  0   1  0   1  1  0  0  0  0/0    15:25   0:00   1:18 
Nicklas Backstrom        0  0  0  -1  0   3  1  0  0  0  6/13   16:16   1:35   0:00 
Rasmus Dahlin            0  0  0   0  0   1  3  1  1  0  0/0    20:13   2:11   0:59 
Rickard Rakell           0  0  0   0  0   3  1  1  1  0  0/1    16:25   1:43   0:00 
Ryan Carpenter           0  0  0   1  0   1  0  1  0  2  5/8    13:13   0:00   1:58 
Ryan Murray              0  0  0  -1  0   1  0  1  0  0  0/0    18:40   0:00   2:16 
Tyler Ennis              0  1  1   1  0   1  6  1  1  0  0/0    12:12   0:19   1:13 
Viktor Arvidsson         0  0  0   0  0   2  0  0  1  0  1/2    11:14   0:00   0:00 
Zach Hyman               0  0  0   0  0   2  2  0  0  1  0/1    15:34   1:43   1:57 

3 Stars

1 - James Reimer (BUF)
2 - Ivan Provorov (BUF)
3 - Tyler Ennis (BUF)

Power Play

Maple Leafs - 0 on 2 Attempt(s) - 0,00%
Sabres - 1 on 3 Attempt(s) - 33,33%

Penalty Kill

Maple Leafs - 2 on 3 Attempt(s) - 66,67% - Score 0 goal in Penalty Kill
Sabres - 2 on 2 Attempt(s) - 100,00% - Score 0 goal in Penalty Kill

Team Stat

Maple Leafs - Hits : 24 - Faceoff Wins : 25 - Blocked Shots : 18 - Penalty Minutes : 6
Sabres - Hits : 27 - Faceoff Wins : 31 - Blocked Shots : 20 - Penalty Minutes : 4

Official

Referees : Ghislain Hebert and Chris Lee
Linesman : Jeff Walker and Julien Fournier

Game Notes

No Game Note

Finance

Level 1 -- Attendance: 4783 (79,72%) -- Ticket Income 478 300 $
Level 2 -- Attendance: 4790 (95,80%) -- Ticket Income 296 980 $
Level 3 -- Attendance: 1162 (58,10%) -- Ticket Income 63 910 $
Level 4 -- Attendance: 2423 (60,58%) -- Ticket Income 72 690 $
Luxury Box -- Attendance: 963 (96,30%) -- Ticket Income 179 118 $
Game was played at the First Niagara Center.
Total Attendance: 14121 (78,45%)
Total Ticket Income: 1 090 998 $
Other Income: 534 589 $
Total Income: 1 625 587 $

Maple Leafs

5 vs 5 Forward 
   Center                   Left Wing                Right Wing               Time % Phy DF OF 
 1 Logan Couture            Andrei Svechnikov        Nikolaj Ehlers           37     0   2  3  
 2 Alex Iafallo             Jake Debrusk             Mike Hoffman             28     0   2  3  
 3 Mattias Janmark          Brandon Tanev            Ilya Kovalchuk           25     0   5  0  
 4 Derek Ryan               Blake Comeau             Jesper Bratt             10     0   5  0  

5 vs 5 Defense 
   Defense                  Defense                                           Time % Phy DF OF 
 1 Hampus Lindholm          Mikhail Sergachev                                 40     0   3  2  
 2 Dmitry Kulikov           Ben Hutton                                        30     0   5  0  
 3 Troy Stecher             Travis Dermott                                    20     0   5  0  
 4 Hampus Lindholm          Mikhail Sergachev                                 10     0   5  0  

PowerPlay Forward 
   Center                   Left Wing                Right Wing               Time % Phy DF OF 
 1 Andrei Svechnikov        Ilya Kovalchuk           Mike Hoffman             60     0   0  5  
 2 Alex Iafallo             Jake Debrusk             Logan Couture            40     0   0  5  

PowerPlay Defense
   Defense                  Defense                                           Time % Phy DF OF 
 1 Mikhail Sergachev        Nikolaj Ehlers                                    60     0   0  5  
 2 Brandon Tanev            Hampus Lindholm                                   40     0   0  5  

Penalty Kill 4 Players Forward 
   Center                   Wing                     Time % Phy DF OF 
 1 Mike Hoffman             Blake Comeau             60     0   5  0  
 2 Alex Iafallo             Brandon Tanev            40     0   5  0  

Penalty Kill 4 Players Defense
   Defense                  Defense                  Time % Phy DF OF 
 1 Hampus Lindholm          Troy Stecher             60     0   5  0  
 2 Ben Hutton               Mikhail Sergachev        40     0   5  0  

Penalty Kill - 3 Players Forward 
   Forward                                           Time % Phy DF OF 
 1 Ilya Kovalchuk                                    60     0   5  0  
 2 Alex Iafallo                                      40     0   5  0  

Penalty Kill - 3 Players Defense
   Defense                  Defense                  Time % Phy DF OF 
 1 Mikhail Sergachev        Hampus Lindholm          60     0   4  1  
 2 Ben Hutton               Troy Stecher             40     0   5  0  

4 vs 4 Forward 
   Center                   Wing                     Time % Phy DF OF 
 1 Logan Couture            Ilya Kovalchuk           60     0   3  2  
 2 Alex Iafallo             Mike Hoffman             40     0   3  2  

4 vs 4 Defense
   Defense                  Defense                  Time % Phy DF OF 
 1 Hampus Lindholm          Mikhail Sergachev        60     0   1  4  
 2 Ben Hutton               Troy Stecher             40     0   4  1  

Last Minutes Offensive
   Center                   Left Wing                Right Wing               Defense                  Defense                  
   Alex Iafallo             Andrei Svechnikov        Mike Hoffman             Hampus Lindholm          Mikhail Sergachev        

Last Minutes Defensive
   Center                   Left Wing                Right Wing               Defense                  Defense                  
   Alex Iafallo             Andrei Svechnikov        Mike Hoffman             Hampus Lindholm          Mikhail Sergachev        

Goaltenders
Starting : Petr Mrazek              
Backup : Anders Nilsson           

Extra Forwards
Normal : Ilya Kovalchuk, Blake Comeau, Jake Debrusk - PP : Ilya Kovalchuk, Blake Comeau - PK : Jake Debrusk
Extra Defensemen
Normal : Troy Stecher, Travis Dermott, Ben Hutton - PP : Troy Stecher - PK : Travis Dermott, Ben Hutton
Penalty Shots
Logan Couture, Andrei Svechnikov, Ilya Kovalchuk, Mikhail Sergachev, Brandon Tanev
Custom OT Lines Forwards
Andrei Svechnikov, Mike Hoffman, Ilya Kovalchuk, Nikolaj Ehlers, Brandon Tanev, Alex Iafallo, Jake Debrusk, Derek Ryan, Blake Comeau, Logan Couture
Custom OT Lines Defensemen
Mikhail Sergachev, Hampus Lindholm, Ben Hutton, Travis Dermott, Troy Stecher

Scratches
Kaapo Kakko (Healthy), Oscar Fantenberg (Healthy), Joe Pavelski (Healthy)

Sabres

5 vs 5 Forward 
   Center                   Left Wing                Right Wing               Time % Phy DF OF 
 1 Anze Kopitar             Andre Burakovsky         Rickard Rakell           30     0   2  3  
 2 Nicklas Backstrom        Clayton Keller           Kailer Yamamoto          27     0   2  3  
 3 Kevin Hayes              Viktor Arvidsson         Zach Hyman               23     0   2  3  
 4 Ryan Carpenter           Tyler Ennis              Joonas Donskoi           20     0   3  2  

5 vs 5 Defense 
   Defense                  Defense                                           Time % Phy DF OF 
 1 Ivan Provorov            Filip Hronek                                      38     0   3  2  
 2 Rasmus Dahlin            Ryan Murray                                       35     0   3  2  
 3 Madison Bowey            Marco Scandella                                   27     0   3  2  
 4 Ivan Provorov            Rasmus Dahlin                                     0      0   3  2  

PowerPlay Forward 
   Center                   Left Wing                Right Wing               Time % Phy DF OF 
 1 Anze Kopitar             Kailer Yamamoto          Andre Burakovsky         60     0   0  5  
 2 Nicklas Backstrom        Rickard Rakell           Zach Hyman               40     0   0  5  

PowerPlay Defense
   Defense                  Defense                                           Time % Phy DF OF 
 1 Rasmus Dahlin            Filip Hronek                                      59     0   1  4  
 2 Madison Bowey            Ivan Provorov                                     41     0   1  4  

Penalty Kill 4 Players Forward 
   Center                   Wing                     Time % Phy DF OF 
 1 Ryan Carpenter           Zach Hyman               65     0   4  1  
 2 Anze Kopitar             Kevin Hayes              35     1   4  0  

Penalty Kill 4 Players Defense
   Defense                  Defense                  Time % Phy DF OF 
 1 Ryan Murray              Filip Hronek             65     0   5  0  
 2 Ivan Provorov            Marco Scandella          35     0   5  0  

Penalty Kill - 3 Players Forward 
   Forward                                           Time % Phy DF OF 
 1 Ryan Carpenter                                    60     0   5  0  
 2 Kevin Hayes                                       40     0   5  0  

Penalty Kill - 3 Players Defense
   Defense                  Defense                  Time % Phy DF OF 
 1 Filip Hronek             Ryan Murray              60     0   5  0  
 2 Ivan Provorov            Marco Scandella          40     0   5  0  

4 vs 4 Forward 
   Center                   Wing                     Time % Phy DF OF 
 1 Kevin Hayes              Joonas Donskoi           50     1   1  3  
 2 Nicklas Backstrom        Clayton Keller           50     1   1  3  

4 vs 4 Defense
   Defense                  Defense                  Time % Phy DF OF 
 1 Madison Bowey            Filip Hronek             50     1   2  2  
 2 Marco Scandella          Ryan Murray              50     1   2  2  

Last Minutes Offensive
   Center                   Left Wing                Right Wing               Defense                  Defense                  
   Nicklas Backstrom        Clayton Keller           Viktor Arvidsson         Filip Hronek             Ivan Provorov            

Last Minutes Defensive
   Center                   Left Wing                Right Wing               Defense                  Defense                  
   Kevin Hayes              Zach Hyman               Ryan Carpenter           Filip Hronek             Ivan Provorov            

Goaltenders
Starting : James Reimer             
Backup : Elvis Merzlikins         

Extra Forwards
Normal : Joonas Donskoi, Zach Hyman, Rickard Rakell - PP : Tyler Ennis, Joonas Donskoi - PK : Tyler Ennis
Extra Defensemen
Normal : Ryan Murray, Filip Hronek, Ivan Provorov - PP : Ryan Murray - PK : Filip Hronek, Ivan Provorov
Penalty Shots
Rickard Rakell, Rasmus Dahlin, Anze Kopitar, Joonas Donskoi, Nicklas Backstrom
Custom OT Lines Forwards
Kevin Hayes, Nicklas Backstrom, Viktor Arvidsson, Rickard Rakell, Clayton Keller, Zach Hyman, Anze Kopitar, Andre Burakovsky, Tyler Ennis, Ryan Carpenter
Custom OT Lines Defensemen
Ivan Provorov, Filip Hronek, Rasmus Dahlin, Ryan Murray, Marco Scandella

Scratches
Martin Jones (Healthy)

% Time on Ice - Maple Leafs

Lines # - Real PCT - Wanted PCT - Time Play
Normal Forward
1 - 33% - 37% - 16:51
2 - 28% - 28% - 14:21
3 - 23% - 25% - 11:52
4 - 16% - 10% - 8:17
Normal Defense
1 - 34% - 40% - 17:27
2 - 35% - 30% - 18:12
3 - 23% - 20% - 11:42
4 - 8% - 10% - 4:00
PP Forward
1 - 53% - 60% - 2:05
2 - 47% - 40% - 1:53
PP Defense
1 - 64% - 60% - 2:33
2 - 36% - 40% - 1:25
PK Forward
1 - 80% - 60% - 3:13
2 - 20% - 40% - 0:48
PK Defense
1 - 45% - 60% - 1:49
2 - 55% - 40% - 2:12
PK3 Forward
1 - 0% - 60%
2 - 0% - 40%
PK3 Defense
1 - 0% - 60%
2 - 0% - 40%
44 Forward
1 - 0% - 60%
2 - 0% - 40%
44 Defense
1 - 0% - 60%
2 - 0% - 40%
Last Minute Offensive  - 0:40
Last Minute Defensive  - 0:00
Total
Forward - 60:00
Defense - 60:00

% Time on Ice - Sabres

Lines # - Real PCT - Wanted PCT - Time Play
Normal Forward
1 - 29% - 30% - 15:08
2 - 29% - 27% - 14:41
3 - 22% - 23% - 11:14
4 - 20% - 20% - 10:18
Normal Defense
1 - 37% - 38% - 19:15
2 - 31% - 35% - 16:03
3 - 27% - 27% - 14:07
4 - 4% - 0% - 1:56
PP Forward
1 - 57% - 60% - 2:18
2 - 43% - 40% - 1:43
PP Defense
1 - 54% - 59% - 2:11
2 - 46% - 41% - 1:50
PK Forward
1 - 100% - 65% - 3:58
2 - 0% - 35% - 0:00
PK Defense
1 - 74% - 65% - 2:56
2 - 26% - 35% - 1:02
PK3 Forward
1 - 0% - 60%
2 - 0% - 40%
PK3 Defense
1 - 0% - 60%
2 - 0% - 40%
44 Forward
1 - 0% - 50%
2 - 0% - 50%
44 Defense
1 - 0% - 50%
2 - 0% - 50%
Last Minute Offensive  - 0:00
Last Minute Defensive  - 0:40
Total
Forward - 60:00
Defense - 60:00

Play-by-Play

1st period


0:01 of 1st period - Anze Kopitar wins face-off versus Logan Couture in neutral zone.
0:36 of 1st period - Wrist shot by Mike Hoffman.
0:36 of 1st period - Stopped by James Reimer with a rebound.
0:54 of 1st period - Nicklas Backstrom is hit by Ben Hutton.
1:04 of 1st period - Slapshot by Kailer Yamamoto.
1:04 of 1st period - Shot Misses the Net.
1:06 of 1st period - Slapshot by Ivan Provorov.
1:06 of 1st period - Shot Misses the Net.
1:08 of 1st period - Slapshot by Nicklas Backstrom.
1:08 of 1st period - Stopped by Petr Mrazek without a rebound.
1:09 of 1st period - Kevin Hayes wins face-off versus Mattias Janmark in Maple Leafs zone.
1:34 of 1st period - Troy Stecher is hit by Tyler Ennis.
2:05 of 1st period - Snap shot by Nikolaj Ehlers.
2:05 of 1st period - Stopped by James Reimer with a rebound.
3:00 of 1st period - Filip Hronek is hit by Andrei Svechnikov and loses puck.
3:19 of 1st period - Wrist shot by Andre Burakovsky.
3:19 of 1st period - Stopped by Petr Mrazek with a rebound.
3:41 of 1st period - Troy Stecher is hit by Zach Hyman and loses puck.
5:12 of 1st period - Slapshot by Kevin Hayes.
5:12 of 1st period - Shot Misses the Net.
5:14 of 1st period - Slapshot by Filip Hronek.
5:14 of 1st period - Deflect By Zach Hyman.
5:14 of 1st period - Stopped by Petr Mrazek without a rebound.
5:15 of 1st period - Nicklas Backstrom wins face-off versus Logan Couture in Maple Leafs zone.
5:24 of 1st period - Logan Couture is hit by Rasmus Dahlin and loses puck.
6:26 of 1st period - Derek Ryan is hit by Rasmus Dahlin and loses puck.
6:37 of 1st period - Snap shot by Zach Hyman.
6:37 of 1st period - Shot Blocked by Blake Comeau.
6:49 of 1st period - Hampus Lindholm is hit by Kailer Yamamoto and loses puck.
7:13 of 1st period - Rickard Rakell is hit by Ilya Kovalchuk and loses puck.
7:37 of 1st period - Snap shot by Mike Hoffman.
7:37 of 1st period - Deflect By Alex Iafallo.
7:37 of 1st period - Shot Blocked by Ryan Carpenter.
7:37 of 1st period - Puck is out of play.
7:38 of 1st period - Kevin Hayes wins face-off versus Logan Couture in Sabres zone.
8:25 of 1st period - Wrist shot by Brandon Tanev.
8:25 of 1st period - Deflect By Ilya Kovalchuk.
8:25 of 1st period - Stopped by James Reimer with a rebound.
8:29 of 1st period - Snap shot by Brandon Tanev.
8:29 of 1st period - Shot Misses the Net.
8:31 of 1st period - Snap shot by Brandon Tanev.
8:31 of 1st period - Shot Misses the Net.
8:33 of 1st period - Slapshot by Dmitry Kulikov.
8:33 of 1st period - Shot Misses the Net.
9:12 of 1st period - Snap shot by Tyler Ennis.
9:12 of 1st period - Shot Misses the Net.
10:00 of 1st period - Brandon Tanev is hit by Zach Hyman and loses puck.
10:07 of 1st period - Mikhail Sergachev is hit by Madison Bowey and loses puck.
10:16 of 1st period - Wrist shot by Mattias Janmark.
10:16 of 1st period - Shot Misses the Net.
10:18 of 1st period - Snap shot by Hampus Lindholm.
10:18 of 1st period - Stopped by James Reimer without a rebound.
10:19 of 1st period - Logan Couture wins face-off versus Nicklas Backstrom in Sabres zone.
10:56 of 1st period - Backhand shot by Tyler Ennis.
10:56 of 1st period - Shot Blocked by Mike Hoffman.
10:58 of 1st period - Wrist shot by Ryan Carpenter.
10:58 of 1st period - Shot Blocked by Dmitry Kulikov.
11:07 of 1st period - Minor Penalty to Andre Burakovsky for Slashing.
11:08 of 1st period - Andrei Svechnikov wins face-off versus Ryan Carpenter in Sabres zone.
11:20 of 1st period - Ryan Murray is hit by Andrei Svechnikov and loses puck.
11:33 of 1st period - Ryan Murray is hit by Logan Couture and loses puck.
13:07 of 1st period - Penalty to Andre Burakovsky is over, Andre Burakovsky is back on ice.
15:41 of 1st period - Snap shot by Andre Burakovsky.
15:41 of 1st period - Deflect By Rickard Rakell.
15:41 of 1st period - Shot Misses the Net.
15:41 of 1st period - Puck is out of play.
15:42 of 1st period - Mattias Janmark wins face-off versus Nicklas Backstrom in Maple Leafs zone.
16:01 of 1st period - Nicklas Backstrom is hit by Nikolaj Ehlers and loses puck.
16:14 of 1st period - Wrist shot by Kevin Hayes.
16:14 of 1st period - Shot Misses the Net.
18:02 of 1st period - Travis Dermott is hit by Tyler Ennis and loses puck.
18:23 of 1st period - Dmitry Kulikov is hit by Madison Bowey and loses puck.
18:42 of 1st period - Ben Hutton is hit by Marco Scandella and loses puck.
19:05 of 1st period - Ryan Murray is hit by Mike Hoffman and loses puck.
19:12 of 1st period - Snap shot by Alex Iafallo.
19:12 of 1st period - Shot Blocked by Filip Hronek.
19:14 of 1st period - Slapshot by Alex Iafallo.
19:14 of 1st period - Shot Misses the Net.
19:16 of 1st period - Snap shot by Mike Hoffman.
19:16 of 1st period - Shot Misses the Net.
19:18 of 1st period - Wrist shot by Alex Iafallo.
19:18 of 1st period - Goal by Alex Iafallo - Maple Leafs : 1 - Sabres : 0.
19:19 of 1st period - Anze Kopitar wins face-off versus Logan Couture in neutral zone.
19:28 of 1st period - Slapshot by Anze Kopitar.
19:28 of 1st period - Stopped by Petr Mrazek with a rebound.
Goals for this period are 1 for Maple Leafs vs 0 for Sabres.
Shots for this period are 5 for Maple Leafs vs 4 for Sabres.

2nd period


0:01 of 2nd period - Logan Couture wins face-off versus Anze Kopitar in neutral zone.
1:40 of 2nd period - Rickard Rakell is hit by Dmitry Kulikov and loses puck.
1:59 of 2nd period - Snap shot by Kevin Hayes.
1:59 of 2nd period - Shot Blocked by Mattias Janmark.
2:25 of 2nd period - Wrist shot by Nicklas Backstrom.
2:25 of 2nd period - Stopped by Petr Mrazek with a rebound.
2:27 of 2nd period - Slapshot by Marco Scandella.
2:27 of 2nd period - Shot Blocked by Troy Stecher.
2:59 of 2nd period - Icing by Mikhail Sergachev.
3:00 of 2nd period - Anze Kopitar wins face-off versus Derek Ryan in Maple Leafs zone.
3:07 of 2nd period - Snap shot by Rickard Rakell.
3:07 of 2nd period - Stopped by Petr Mrazek with a rebound.
3:09 of 2nd period - Wrist shot by Andre Burakovsky.
3:09 of 2nd period - Stopped by Petr Mrazek without a rebound.
3:10 of 2nd period - Logan Couture wins face-off versus Nicklas Backstrom in Maple Leafs zone.
3:10 of 2nd period - Logan Couture is hit by Nicklas Backstrom.
4:00 of 2nd period - Dmitry Kulikov is hit by Andre Burakovsky and loses puck.
4:05 of 2nd period - Slapshot by Rickard Rakell.
4:05 of 2nd period - Stopped by Petr Mrazek with a rebound.
4:07 of 2nd period - Slapshot by Andre Burakovsky.
4:07 of 2nd period - Stopped by Petr Mrazek without a rebound.
4:08 of 2nd period - Kevin Hayes wins face-off versus Logan Couture in Maple Leafs zone.
4:09 of 2nd period - Slapshot by Viktor Arvidsson.
4:09 of 2nd period - Shot Misses the Net.
4:11 of 2nd period - Slapshot by Kevin Hayes.
4:11 of 2nd period - Shot Blocked by Ben Hutton.
4:13 of 2nd period - Snap shot by Zach Hyman.
4:13 of 2nd period - Stopped by Petr Mrazek with a rebound.
4:15 of 2nd period - Wrist shot by Kevin Hayes.
4:15 of 2nd period - Deflect By Viktor Arvidsson.
4:15 of 2nd period - Stopped by Petr Mrazek without a rebound.
4:16 of 2nd period - Logan Couture wins face-off versus Kevin Hayes in Maple Leafs zone.
4:23 of 2nd period - Slapshot by Kevin Hayes.
4:23 of 2nd period - Shot Misses the Net.
4:25 of 2nd period - Wrist shot by Filip Hronek.
4:25 of 2nd period - Stopped by Petr Mrazek with a rebound.
4:33 of 2nd period - Snap shot by Zach Hyman.
4:33 of 2nd period - Deflect By Kevin Hayes.
4:33 of 2nd period - Stopped by Petr Mrazek with a rebound.
4:49 of 2nd period - Snap shot by Viktor Arvidsson.
4:49 of 2nd period - Stopped by Petr Mrazek without a rebound.
4:50 of 2nd period - Mattias Janmark wins face-off versus Anze Kopitar in Maple Leafs zone.
4:55 of 2nd period - Slapshot by Mikhail Sergachev.
4:55 of 2nd period - Shot Blocked by Rickard Rakell.
4:57 of 2nd period - Snap shot by Ilya Kovalchuk.
4:57 of 2nd period - Shot Misses the Net.
4:59 of 2nd period - Slapshot by Brandon Tanev.
4:59 of 2nd period - Stopped by James Reimer with a rebound.
5:01 of 2nd period - Snap shot by Ilya Kovalchuk.
5:01 of 2nd period - Stopped by James Reimer with a rebound.
5:03 of 2nd period - Slapshot by Hampus Lindholm.
5:03 of 2nd period - Stopped by James Reimer without a rebound.
5:04 of 2nd period - Ryan Carpenter wins face-off versus Logan Couture in Sabres zone.
5:19 of 2nd period - Snap shot by Logan Couture.
5:19 of 2nd period - Deflect By Nikolaj Ehlers.
5:19 of 2nd period - Shot Blocked by Tyler Ennis.
5:19 of 2nd period - Puck is out of play.
5:20 of 2nd period - Alex Iafallo wins face-off versus Anze Kopitar in Sabres zone.
5:21 of 2nd period - Slapshot by Mike Hoffman.
5:21 of 2nd period - Stopped by James Reimer without a rebound.
5:22 of 2nd period - Anze Kopitar wins face-off versus Alex Iafallo in Sabres zone.
5:42 of 2nd period - Icing by Hampus Lindholm.
5:43 of 2nd period - Alex Iafallo wins face-off versus Nicklas Backstrom in Maple Leafs zone.
5:54 of 2nd period - Slapshot by Mike Hoffman.
5:54 of 2nd period - Shot Blocked by Clayton Keller.
5:56 of 2nd period - Snap shot by Jake Debrusk.
5:56 of 2nd period - Stopped by James Reimer with a rebound.
5:58 of 2nd period - Wrist shot by Mike Hoffman.
5:58 of 2nd period - Shot Blocked by Ivan Provorov.
6:00 of 2nd period - Snap shot by Jake Debrusk.
6:00 of 2nd period - Stopped by James Reimer with a rebound.
6:02 of 2nd period - Wrist shot by Alex Iafallo.
6:02 of 2nd period - Stopped by James Reimer with a rebound.
6:04 of 2nd period - Wrist shot by Alex Iafallo.
6:04 of 2nd period - Shot Blocked by Filip Hronek.
6:06 of 2nd period - Slapshot by Alex Iafallo.
6:06 of 2nd period - Shot Blocked by Clayton Keller.
6:30 of 2nd period - Slapshot by Mike Hoffman.
6:30 of 2nd period - Deflect By Alex Iafallo.
6:30 of 2nd period - Shot Misses the Net.
6:30 of 2nd period - Puck is out of play.
6:31 of 2nd period - Logan Couture wins face-off versus Rickard Rakell in Sabres zone.
7:24 of 2nd period - Snap shot by Derek Ryan.
7:24 of 2nd period - Stopped by James Reimer with a rebound.
7:26 of 2nd period - Snap shot by Derek Ryan.
7:26 of 2nd period - Shot Misses the Net.
7:39 of 2nd period - Snap shot by Ryan Carpenter.
7:39 of 2nd period - Stopped by Petr Mrazek without a rebound.
7:40 of 2nd period - Mattias Janmark wins face-off versus Viktor Arvidsson in Maple Leafs zone.
7:45 of 2nd period - Slapshot by Mattias Janmark.
7:45 of 2nd period - Shot Blocked by Kevin Hayes.
7:47 of 2nd period - Slapshot by Ben Hutton.
7:47 of 2nd period - Shot Blocked by Filip Hronek.
7:51 of 2nd period - Snap shot by Mattias Janmark.
7:51 of 2nd period - Shot Misses the Net.
7:53 of 2nd period - Wrist shot by Mattias Janmark.
7:53 of 2nd period - Stopped by James Reimer with a rebound.
7:55 of 2nd period - Wrist shot by Brandon Tanev.
7:55 of 2nd period - Shot Misses the Net.
8:05 of 2nd period - Rickard Rakell is hit by Logan Couture and loses puck.
8:10 of 2nd period - Wrist shot by Andrei Svechnikov.
8:10 of 2nd period - Stopped by James Reimer with a rebound.
8:12 of 2nd period - Wrist shot by Logan Couture.
8:12 of 2nd period - Shot Misses the Net.
8:14 of 2nd period - Wrist shot by Andrei Svechnikov.
8:14 of 2nd period - Shot Misses the Net.
8:43 of 2nd period - Off-side.
8:44 of 2nd period - Derek Ryan wins face-off versus Kevin Hayes in neutral zone.
8:55 of 2nd period - Slapshot by Derek Ryan.
8:55 of 2nd period - Shot Misses the Net.
8:57 of 2nd period - Wrist shot by Blake Comeau.
8:57 of 2nd period - Shot Misses the Net.
8:59 of 2nd period - Snap shot by Jesper Bratt.
8:59 of 2nd period - Deflect By Derek Ryan.
8:59 of 2nd period - Stopped by James Reimer without a rebound.
9:00 of 2nd period - Anze Kopitar wins face-off versus Logan Couture in Sabres zone.
9:05 of 2nd period - Snap shot by Andre Burakovsky.
9:05 of 2nd period - Deflect By Rickard Rakell.
9:05 of 2nd period - Stopped by Petr Mrazek with a rebound.
9:31 of 2nd period - Hampus Lindholm is hit by Madison Bowey and loses puck.
9:38 of 2nd period - Slapshot by Mikhail Sergachev.
9:38 of 2nd period - Stopped by James Reimer with a rebound.
9:40 of 2nd period - Slapshot by Mattias Janmark.
9:40 of 2nd period - Stopped by James Reimer with a rebound.
9:56 of 2nd period - Wrist shot by Joonas Donskoi.
9:56 of 2nd period - Stopped by Petr Mrazek without a rebound.
9:57 of 2nd period - Derek Ryan wins face-off versus Ryan Carpenter in Maple Leafs zone.
10:18 of 2nd period - Wrist shot by Jesper Bratt.
10:18 of 2nd period - Stopped by James Reimer without a rebound.
10:19 of 2nd period - Logan Couture wins face-off versus Nicklas Backstrom in Sabres zone.
10:22 of 2nd period - Snap shot by Andrei Svechnikov.
10:22 of 2nd period - Deflect By Logan Couture.
10:22 of 2nd period - Shot Blocked by Filip Hronek.
10:22 of 2nd period - Puck is out of play.
10:23 of 2nd period - Nicklas Backstrom wins face-off versus Logan Couture in Sabres zone.
10:23 of 2nd period - Nicklas Backstrom is hit by Andrei Svechnikov.
10:59 of 2nd period - Slapshot by Kevin Hayes.
10:59 of 2nd period - Stopped by Petr Mrazek with a rebound.
11:01 of 2nd period - Slapshot by Kevin Hayes.
11:01 of 2nd period - Shot Misses the Net.
11:03 of 2nd period - Snap shot by Ivan Provorov.
11:03 of 2nd period - Deflect By Andrei Svechnikov.
11:03 of 2nd period - Stopped by Petr Mrazek without a rebound.
11:04 of 2nd period - Mattias Janmark wins face-off versus Anze Kopitar in Maple Leafs zone.
11:30 of 2nd period - Nicklas Backstrom is hit by Hampus Lindholm and loses puck.
11:55 of 2nd period - Rasmus Dahlin is hit by Travis Dermott and loses puck.
12:17 of 2nd period - Minor Penalty to Andrei Svechnikov for Hooking.
12:18 of 2nd period - Anze Kopitar wins face-off versus Mike Hoffman in Maple Leafs zone.
12:18 of 2nd period - Backhand shot by Andre Burakovsky.
12:18 of 2nd period - Shot Misses the Net.
12:20 of 2nd period - Slapshot by Ivan Provorov.
12:20 of 2nd period - Deflect By Troy Stecher.
12:20 of 2nd period - Goal by Ivan Provorov - Maple Leafs : 1 - Sabres : 1.
12:21 of 2nd period - Anze Kopitar wins face-off versus Logan Couture in neutral zone.
12:37 of 2nd period - Slapshot by Mikhail Sergachev.
12:37 of 2nd period - Shot Misses the Net.
12:51 of 2nd period - Wrist shot by Ilya Kovalchuk.
12:51 of 2nd period - Shot Misses the Net.
12:53 of 2nd period - Slapshot by Travis Dermott.
12:53 of 2nd period - Shot Blocked by Filip Hronek.
12:55 of 2nd period - Slapshot by Mattias Janmark.
12:55 of 2nd period - Shot Blocked by Ivan Provorov.
12:57 of 2nd period - Wrist shot by Travis Dermott.
12:57 of 2nd period - Stopped by James Reimer without a rebound.
12:58 of 2nd period - Kevin Hayes wins face-off versus Logan Couture in Sabres zone.
13:07 of 2nd period - Madison Bowey is hit by Hampus Lindholm and loses puck.
13:49 of 2nd period - Wrist shot by Tyler Ennis.
13:49 of 2nd period - Stopped by Petr Mrazek with a rebound.
13:51 of 2nd period - Snap shot by Joonas Donskoi.
13:51 of 2nd period - Stopped by Petr Mrazek without a rebound.
13:52 of 2nd period - Mattias Janmark wins face-off versus Nicklas Backstrom in Maple Leafs zone.
13:59 of 2nd period - Slapshot by Hampus Lindholm.
13:59 of 2nd period - Shot Blocked by Filip Hronek.
14:05 of 2nd period - Clayton Keller is hit by Hampus Lindholm and loses puck.
14:28 of 2nd period - Snap shot by Nikolaj Ehlers.
14:28 of 2nd period - Stopped by James Reimer with a rebound.
14:40 of 2nd period - Alex Iafallo is hit by Ivan Provorov and loses puck.
14:51 of 2nd period - Wrist shot by Kevin Hayes.
14:51 of 2nd period - Stopped by Petr Mrazek with a rebound.
15:25 of 2nd period - Minor Penalty to Travis Dermott for Close Hand On Puck.
15:26 of 2nd period - Anze Kopitar wins face-off versus Mike Hoffman in Maple Leafs zone.
16:05 of 2nd period - Wrist shot by Anze Kopitar.
16:05 of 2nd period - Deflect By Jake Debrusk.
16:05 of 2nd period - Shot Blocked by Andrei Svechnikov.
16:05 of 2nd period - Puck is out of play.
16:06 of 2nd period - Nicklas Backstrom wins face-off versus Jake Debrusk in Maple Leafs zone.
16:45 of 2nd period - Ben Hutton is hit by Filip Hronek and loses puck.
17:25 of 2nd period - Penalty to Travis Dermott is over, Travis Dermott is back on ice.
17:35 of 2nd period - Tyler Ennis is hit by Ilya Kovalchuk and loses puck.
18:43 of 2nd period - Snap shot by Mikhail Sergachev.
18:43 of 2nd period - Shot Blocked by Rasmus Dahlin.
18:49 of 2nd period - Rasmus Dahlin is hit by Mikhail Sergachev and loses puck.
19:02 of 2nd period - Slapshot by Filip Hronek.
19:02 of 2nd period - Stopped by Petr Mrazek with a rebound.
19:22 of 2nd period - Dmitry Kulikov is hit by Tyler Ennis and loses puck.
19:35 of 2nd period - Blake Comeau is hit by Kailer Yamamoto and loses puck.
19:50 of 2nd period - Filip Hronek is hit by Mike Hoffman and loses puck.
Goals for this period are 0 for Maple Leafs vs 1 for Sabres.
Shots for this period are 16 for Maple Leafs vs 20 for Sabres.

3rd period


0:01 of 3rd period - Anze Kopitar wins face-off versus Logan Couture in neutral zone.
0:18 of 3rd period - Rickard Rakell is hit by Andrei Svechnikov.
0:25 of 3rd period - Icing by Rickard Rakell.
0:26 of 3rd period - Ilya Kovalchuk wins face-off versus Kevin Hayes in Sabres zone.
0:58 of 3rd period - Logan Couture is hit by Andre Burakovsky and loses puck.
1:15 of 3rd period - Wrist shot by Jake Debrusk.
1:15 of 3rd period - Shot Misses the Net.
1:17 of 3rd period - Snap shot by Jake Debrusk.
1:17 of 3rd period - Stopped by James Reimer without a rebound.
1:18 of 3rd period - Nicklas Backstrom wins face-off versus Mattias Janmark in Sabres zone.
1:23 of 3rd period - Mikhail Sergachev is hit by Kailer Yamamoto and loses puck.
1:30 of 3rd period - Slapshot by Mattias Janmark.
1:30 of 3rd period - Stopped by James Reimer without a rebound.
1:31 of 3rd period - Logan Couture wins face-off versus Anze Kopitar in Sabres zone.
1:36 of 3rd period - Wrist shot by Andrei Svechnikov.
1:36 of 3rd period - Deflect By Nikolaj Ehlers.
1:36 of 3rd period - Shot Misses the Net.
1:36 of 3rd period - Puck is out of play.
1:37 of 3rd period - Logan Couture wins face-off versus Anze Kopitar in Sabres zone.
1:42 of 3rd period - Wrist shot by Nikolaj Ehlers.
1:42 of 3rd period - Shot Blocked by Filip Hronek.
1:48 of 3rd period - Hampus Lindholm is hit by Ivan Provorov and loses puck.
1:53 of 3rd period - Snap shot by Anze Kopitar.
1:53 of 3rd period - Shot Misses the Net.
2:43 of 3rd period - Viktor Arvidsson is hit by Derek Ryan and loses puck.
2:48 of 3rd period - Snap shot by Jesper Bratt.
2:48 of 3rd period - Shot Misses the Net.
2:50 of 3rd period - Wrist shot by Jesper Bratt.
2:50 of 3rd period - Shot Hit the Post.
2:52 of 3rd period - Slapshot by Jesper Bratt.
2:52 of 3rd period - Shot Misses the Net.
3:32 of 3rd period - Wrist shot by Kailer Yamamoto.
3:32 of 3rd period - Stopped by Petr Mrazek without a rebound.
3:33 of 3rd period - Nicklas Backstrom wins face-off versus Alex Iafallo in Maple Leafs zone.
3:48 of 3rd period - Slapshot by Kailer Yamamoto.
3:48 of 3rd period - Shot Misses the Net.
3:50 of 3rd period - Wrist shot by Kailer Yamamoto.
3:50 of 3rd period - Shot Misses the Net.
3:52 of 3rd period - Slapshot by Marco Scandella.
3:52 of 3rd period - Shot Misses the Net.
3:54 of 3rd period - Backhand shot by Clayton Keller.
3:54 of 3rd period - Shot Misses the Net.
3:56 of 3rd period - Slapshot by Madison Bowey.
3:56 of 3rd period - Shot Misses the Net.
4:04 of 3rd period - Snap shot by Clayton Keller.
4:04 of 3rd period - Shot Misses the Net.
4:06 of 3rd period - Snap shot by Kailer Yamamoto.
4:06 of 3rd period - Shot Misses the Net.
4:08 of 3rd period - Backhand shot by Rasmus Dahlin.
4:08 of 3rd period - Shot Blocked by Mikhail Sergachev.
4:10 of 3rd period - Slapshot by Ryan Murray.
4:10 of 3rd period - Stopped by Petr Mrazek with a rebound.
4:12 of 3rd period - Slapshot by Ryan Murray.
4:12 of 3rd period - Shot Blocked by Hampus Lindholm.
4:14 of 3rd period - Slapshot by Ryan Murray.
4:14 of 3rd period - Shot Blocked by Mikhail Sergachev.
4:16 of 3rd period - Wrist shot by Nicklas Backstrom.
4:16 of 3rd period - Shot Blocked by Hampus Lindholm.
4:18 of 3rd period - Slapshot by Rasmus Dahlin.
4:18 of 3rd period - Shot Blocked by Alex Iafallo.
4:20 of 3rd period - Slapshot by Marco Scandella.
4:20 of 3rd period - Shot Misses the Net.
4:26 of 3rd period - Snap shot by Clayton Keller.
4:26 of 3rd period - Shot Misses the Net.
4:28 of 3rd period - Wrist shot by Nicklas Backstrom.
4:28 of 3rd period - Shot Misses the Net.
4:44 of 3rd period - Slapshot by Nicklas Backstrom.
4:44 of 3rd period - Stopped by Petr Mrazek with a rebound.
4:52 of 3rd period - Wrist shot by Clayton Keller.
4:52 of 3rd period - Stopped by Petr Mrazek without a rebound.
4:53 of 3rd period - Anze Kopitar wins face-off versus Logan Couture in Maple Leafs zone.
4:58 of 3rd period - Wrist shot by Anze Kopitar.
4:58 of 3rd period - Deflect By Rickard Rakell.
4:58 of 3rd period - Shot Blocked by Dmitry Kulikov.
4:58 of 3rd period - Puck is out of play.
4:59 of 3rd period - Anze Kopitar wins face-off versus Logan Couture in Maple Leafs zone.
5:03 of 3rd period - Minor Penalty to Dmitry Kulikov for Tripping.
5:04 of 3rd period - Anze Kopitar wins face-off versus Mike Hoffman in Maple Leafs zone.
5:26 of 3rd period - Wrist shot by Zach Hyman.
5:26 of 3rd period - Shot Misses the Net.
7:03 of 3rd period - Penalty to Dmitry Kulikov is over, Dmitry Kulikov is back on ice.
7:14 of 3rd period - Logan Couture is hit by Tyler Ennis and loses puck.
7:39 of 3rd period - Icing by Madison Bowey.
7:40 of 3rd period - Ryan Carpenter wins face-off versus Alex Iafallo in Sabres zone.
8:01 of 3rd period - Kevin Hayes is hit by Hampus Lindholm.
8:07 of 3rd period - Travis Dermott is hit by Ivan Provorov and loses puck.
8:39 of 3rd period - Minor Penalty to Filip Hronek for High sticking.
8:40 of 3rd period - Ryan Carpenter wins face-off versus Andrei Svechnikov in Sabres zone.
9:09 of 3rd period - Snap shot by Jake Debrusk.
9:09 of 3rd period - Shot Blocked by Ryan Murray.
9:33 of 3rd period - Alex Iafallo is hit by Tyler Ennis and loses puck.
10:39 of 3rd period - Penalty to Filip Hronek is over, Filip Hronek is back on ice.
10:55 of 3rd period - Icing by Hampus Lindholm.
10:56 of 3rd period - Nicklas Backstrom wins face-off versus Blake Comeau in Maple Leafs zone.
11:11 of 3rd period - Off-side.
11:12 of 3rd period - Anze Kopitar wins face-off versus Logan Couture in neutral zone.
11:36 of 3rd period - Dmitry Kulikov is hit by Rickard Rakell.
12:02 of 3rd period - Snap shot by Andre Burakovsky.
12:02 of 3rd period - Shot Blocked by Andrei Svechnikov.
12:12 of 3rd period - Snap shot by Anze Kopitar.
12:12 of 3rd period - Shot Misses the Net.
12:14 of 3rd period - Wrist shot by Anze Kopitar.
12:14 of 3rd period - Stopped by Petr Mrazek without a rebound.
12:15 of 3rd period - Mattias Janmark wins face-off versus Kevin Hayes in Maple Leafs zone.
12:15 of 3rd period - Mattias Janmark is hit by Rasmus Dahlin.
12:21 of 3rd period - Backhand shot by Mikhail Sergachev.
12:21 of 3rd period - Shot Misses the Net.
12:27 of 3rd period - Slapshot by Rasmus Dahlin.
12:27 of 3rd period - Stopped by Petr Mrazek with a rebound.
12:29 of 3rd period - Snap shot by Kevin Hayes.
12:29 of 3rd period - Shot Misses the Net.
12:31 of 3rd period - Snap shot by Zach Hyman.
12:31 of 3rd period - Shot Blocked by Brandon Tanev.
12:41 of 3rd period - Jake Debrusk is hit by Tyler Ennis and loses puck.
13:03 of 3rd period - Off-side.
13:04 of 3rd period - Derek Ryan wins face-off versus Nicklas Backstrom in neutral zone.
13:29 of 3rd period - Kailer Yamamoto is hit by Blake Comeau and loses puck.
13:36 of 3rd period - Snap shot by Jesper Bratt.
13:36 of 3rd period - Stopped by James Reimer with a rebound.
13:44 of 3rd period - Slapshot by Nicklas Backstrom.
13:44 of 3rd period - Shot Misses the Net.
13:46 of 3rd period - Slapshot by Ivan Provorov.
13:46 of 3rd period - Shot Blocked by Troy Stecher.
13:48 of 3rd period - Slapshot by Ivan Provorov.
13:48 of 3rd period - Stopped by Petr Mrazek with a rebound.
14:11 of 3rd period - Wrist shot by Clayton Keller.
14:11 of 3rd period - Stopped by Petr Mrazek without a rebound.
14:12 of 3rd period - Viktor Arvidsson wins face-off versus Logan Couture in Maple Leafs zone.
14:29 of 3rd period - Snap shot by Viktor Arvidsson.
14:29 of 3rd period - Shot Misses the Net.
14:39 of 3rd period - Rasmus Dahlin is hit by Ilya Kovalchuk and loses puck.
14:47 of 3rd period - Off-side.
14:48 of 3rd period - Ryan Carpenter wins face-off versus Alex Iafallo in neutral zone.
15:32 of 3rd period - Snap shot by Tyler Ennis.
15:32 of 3rd period - Shot Misses the Net.
15:50 of 3rd period - Slapshot by Jake Debrusk.
15:50 of 3rd period - Shot Misses the Net.
16:10 of 3rd period - Snap shot by Tyler Ennis.
16:10 of 3rd period - Shot Misses the Net.
16:12 of 3rd period - Wrist shot by Marco Scandella.
16:12 of 3rd period - Stopped by Petr Mrazek without a rebound.
16:13 of 3rd period - Mattias Janmark wins face-off versus Kevin Hayes in Maple Leafs zone.
16:13 of 3rd period - Mattias Janmark is hit by Ivan Provorov.
16:22 of 3rd period - Filip Hronek is hit by Ilya Kovalchuk and loses puck.
16:43 of 3rd period - Slapshot by Rickard Rakell.
16:43 of 3rd period - Shot Blocked by Andrei Svechnikov.
17:13 of 3rd period - Snap shot by Derek Ryan.
17:13 of 3rd period - Shot Blocked by Kailer Yamamoto.
17:15 of 3rd period - Snap shot by Blake Comeau.
17:15 of 3rd period - Shot Misses the Net.
17:35 of 3rd period - Ryan Murray is hit by Ilya Kovalchuk and loses puck.
18:21 of 3rd period - Icing by Zach Hyman.
18:22 of 3rd period - Mattias Janmark wins face-off versus Anze Kopitar in Sabres zone.
18:25 of 3rd period - Wrist shot by Andrei Svechnikov.
18:25 of 3rd period - Shot Misses the Net.
18:27 of 3rd period - Wrist shot by Troy Stecher.
18:27 of 3rd period - Shot Blocked by Ivan Provorov.
18:29 of 3rd period - Snap shot by Troy Stecher.
18:29 of 3rd period - Shot Blocked by Anze Kopitar.
18:31 of 3rd period - Wrist shot by Jesper Bratt.
18:31 of 3rd period - Stopped by James Reimer with a rebound.
18:33 of 3rd period - Snap shot by Andrei Svechnikov.
18:33 of 3rd period - Stopped by James Reimer without a rebound.
18:34 of 3rd period - Kevin Hayes wins face-off versus Mattias Janmark in Sabres zone.
18:46 of 3rd period - Slapshot by Hampus Lindholm.
18:46 of 3rd period - Stopped by James Reimer without a rebound.
18:47 of 3rd period - Mattias Janmark wins face-off versus Zach Hyman in Sabres zone.
18:54 of 3rd period - Slapshot by Mattias Janmark.
18:54 of 3rd period - Stopped by James Reimer with a rebound.
19:04 of 3rd period - Snap shot by Viktor Arvidsson.
19:04 of 3rd period - Deflect By Kevin Hayes.
19:04 of 3rd period - Shot Misses the Net.
19:04 of 3rd period - Puck is out of play.
19:05 of 3rd period - Logan Couture wins face-off versus Ryan Carpenter in Maple Leafs zone.
19:11 of 3rd period - Icing by Hampus Lindholm.
19:12 of 3rd period - Ryan Carpenter wins face-off versus Logan Couture in Maple Leafs zone.
19:13 of 3rd period - Slapshot by Tyler Ennis.
19:13 of 3rd period - Shot Blocked by Mikhail Sergachev.
19:19 of 3rd period - Snap shot by Joonas Donskoi.
19:19 of 3rd period - Goal by Joonas Donskoi - Maple Leafs : 1 - Sabres : 2.
19:20 of 3rd period - Kevin Hayes wins face-off versus Alex Iafallo in neutral zone.
19:39 of 3rd period - Maple Leafs, Petr Mrazek is pulled from the net.
19:47 of 3rd period - Snap shot by Mike Hoffman.
19:47 of 3rd period - Shot Misses the Net.
Goals for this period are 0 for Maple Leafs vs 1 for Sabres.
Shots for this period are 7 for Maple Leafs vs 10 for Sabres. Output by the SimonT Hockey Simulator (STHS) for Alexandre Lamarre - Original Page W3C HTML5 Valid
Hockey Simulator - Hockey Simulation - Hockey Manager